 Dungeon Crawl Stone Soup version 0.26.0-45-g9c1d065592 (webtiles) character file.

Game seed: 8434906699914486338

503 kaeus the Sneak (level 7, -2/72 HPs)
             Began as an Octopode Fighter on Jan 29, 2021.
             Slain by a worm (7 damage)
             ... on level 3 of the Dungeon.
             The game lasted 00:03:35 (3049 turns).

kaeus the Sneak (Octopode Fighter)                  Turns: 3049, Time: 00:03:35

Health: -2/72      AC: 23    Str: 21    XL:     7   Next: 17%
Magic:  10/10      EV:  2    Int: 10    God:
Gold:   162        SH: 15    Dex: 14    Spells: 10/10 levels left

rFire    . . .     SeeInvis .   a - +0 rapier
rCold    . . .     Faith    .   b - +0 kite shield
rNeg     + + +     Spirit   .   (helmet currently unavailable)
rPois    +         Reflect  +   i - amulet of reflection
rElec    .         Harm     .   g - ring of wizardry
rCorr    .         Rampage  .   p - +6 ring of strength
Will     .....     NoTele   +   u - ring of poison resistance
Stlth    +++.......             (no ring)
HPRegen  0.22/turn              (no ring)
MPRegen  0.12/turn              (no ring)
                                (no ring)
                                (no ring)

@: mighty, tree-form, attractive
A: almost no armour, stealthy swim, (amphibious), 8 rings, (constrict 8)
a: no special abilities


You were on level 3 of the Dungeon.
You were a tree.
You visited 1 branch of the dungeon, and saw 3 of its levels.
You also visited: Sewer.

You collected 162 gold pieces.

Inventory:

Hand Weapons
 a - a +0 rapier (weapon)
Armour
 b - a +0 kite shield (worn)
 s - a +0 tower shield
Jewellery
 e - an uncursed amulet of guardian spirit
 g - a ring of wizardry (left branch)
 i - an amulet of reflection (around neck)
 l - an uncursed ring of ice
 p - a +6 ring of strength (right branch)
 u - a ring of poison resistance (on tentacle)
Scrolls
 h - 2 scrolls of teleportation {unknown}
 j - a scroll of remove curse
 k - a scroll of amnesia
 n - a scroll of immolation
 o - a scroll of identify
 q - a scroll of enchant armour {unknown}
 r - 2 scrolls of enchant weapon {unknown}
 v - a scroll of noise {unknown}
Potions
 d - a potion of curing
 m - 2 potions of flight


   Skills:
 + Level 4.1 Fighting
 + Level 3.3 Short Blades
 + Level 4.0 Dodging
 * Level 5.4 Stealth
 + Level 4.0 Shields
 + Level 2.0 Spellcasting


You had 10 spell levels left.
You didn't know any spells.
Your spell library was empty.

Dungeon Overview and Level Annotations

Branches:
Dungeon (3/15)              Sewer (visited)

Altars:
The Shining One


Innate Abilities, Weirdness & Mutations

You cannot wear most types of armour.
You are very stealthy in the water. (Stealth+)
((You are amphibious.))
You can wear up to eight rings at the same time.
((You can use your tentacles to constrict eight enemies at once.))
((Your skin changes colour to match your surroundings (Stealth+).))
((Your rubbery body absorbs attacks. (AC +1, EV +1)))


Message History

You kill the orc!
The bat hits you but does no damage. You block the orc's attack.
You block the worm's attack. The bat is pulled toward you!
MP restored: 10 You barely miss the orc.
You block the bat's attack. The orc hits you with a +0 club.
* * * LOW HITPOINT WARNING * * *
You take 2 damage, and have 4/72 hp.
You closely miss the orc. The bat hits you but does no damage.
You block the orc's attack. You block the worm's attack.
You barely miss the worm. The bat barely misses you.
The orc hits you but does no damage. You block the worm's attack.
The bat is pulled toward you!
You puncture the worm!
The worm is moderately wounded.
The bat hits you but does no damage. You block the orc's attack.
You puncture the worm!
The worm is almost dead.
You block the bat's attack. You block the orc's attack. The worm bites you!
You die...

.....#>#.................#
.....#.####...####.......#
.....#.# #.........######
.......# ##.........####
.......# ..............#
.......# ..........[..(#
.......+ ..............#
.......# #...w)..b...#
.......# #...)♣).....#
......## #....)o.....#
#...........#
.........$(...#
..!...........#
..............+
..............#
##.....##.....#


You could see a worm, an orc and a bat.

Vanquished Creatures
  Sigmund (D:2)
  A bullfrog (Sewer)
  An orc wizard (D:3)
  3 orc priests (D:3)
  Terence (D:2)
  4 adders
  2 worms (D:3)
  6 dart slugs
  3 leopard geckos
  10 orcs (D:3)
  6 bats
  9 giant cockroaches
  5 goblins
  12 hobgoblins
  11 kobolds
  A quokka (D:2)
  5 ball pythons
  8 frilled lizards
  9 rats
98 creatures vanquished.

Notes
Turn   | Place    | Note
-------+----------+-------------------------------------------
     0 | D:1      | kaeus the Octopode Fighter began the quest for the Orb.
     0 | D:1      | Reached XP level 1. HP: 16/16 MP: 1/1
    99 | D:1      | Reached skill level 1 in Stealth
    99 | D:1      | Reached XP level 2. HP: 14/21 MP: 2/2
   775 | D:1      | Reached skill level 2 in Stealth
   775 | D:1      | Reached XP level 3. HP: 26/26 MP: 3/3
  1572 | D:2      | Noticed Terence
  1580 | D:2      | Killed Terence
  1581 | D:2      | Reached XP level 4. HP: 31/31 MP: 5/5
  1626 | D:2      | Reached skill level 1 in Spellcasting
  1653 | D:2      | Found a glowing golden altar of the Shining One.
  1833 | D:2      | Noticed Sigmund
  1838 | D:2      | Killed Sigmund
  1839 | D:2      | Reached skill level 4 in Stealth
  1839 | D:2      | Reached XP level 5. HP: 21/37 MP: 5/7
  1839 | D:2      | Reached XP level 6. HP: 25/43 MP: 5/8
  2129 | D:3      | Found a glowing drain.
  2147 | Sewer    | Entered a sewer
  2714 | D:3      | Reached skill level 5 in Stealth
  3031 | D:3      | HP: 3/64 [orc priest/divine providence (10)]
  3032 | D:3      | Reached XP level 7. HP: 3/48 MP: 9/9
  3049 | D:3      | Slain by a worm

Illustrated notes

Levels and vault maps discovered:
D:1:      dpeg_arrival_rhombi, layout_basic, nrook_mini_backslash,
          minmay_split_cup_small
D:2:      layout_loops_ring, tso_metal_star, uniq_terence, uniq_sigmund
D:3:      layout_basic, cheibrodos_sewer_entry_drain

Skill      XL: |  1  2  3  4  5  6  7 |
---------------+----------------------+-----
Stealth        | 1 2 4 5 |  5.4
Spellcasting   | 1 2 |  2.0
Short Blades   | 3 |  3.3
Fighting       | 4 |  4.1
Dodging        | 4 |  4.0
Shields        | 4 |  4.0

Action                   |  1- 3 |  4- 6 |  7- 9 || total
-------------------------+-------+-------+-------++-------
Melee: Rapier            |    71 |    99 |    15 ||   185
       Constrict         |    21 |    24 |       ||    45
       Tentacles         |    11 |    16 |       ||    27
  Use: Scroll            |       |     5 |       ||     5
       Potion            |       |     3 |     3 ||     6
 Stab: Sleeping          |    10 |    10 |       ||    20
Armor: Skin              |     5 |    12 |    29 ||    46
Dodge: Dodged            |    29 |    22 |     2 ||    53
Block: Kite shield       |    27 |    76 |    35 ||   138
       Reflection        |     1 |     1 |       ||     2
